 Dungeon Crawl Stone Soup version 0.17-a0-1663-gb806841 (webtiles) character file.

21 matakusis the Ducker (level 2, -9/22 HPs)
             Began as a Demonspawn Gladiator on Aug 16, 2015.
             Mangled by a goblin
             ... wielding a +2 dagger of electrocution
              (17 damage)
             ... on level 1 of the Dungeon.
             The game lasted 00:02:41 (772 turns).

matakusis the Ducker (Demonspawn Gladiator)          Turns: 772, Time: 00:02:41

Health: -9/22      AC:  5    Str: 15    XL:     2   Next: 62%
Magic:  2/2        EV: 12    Int:  9    God:
Gold:   51         SH:  0    Dex: 13    Spells: 0 memorised, 1 level left

rFire  . . .     SeeInvis .     a - +1 war axe
rCold  . . .     Clarity  .     b - +0 leather armour
rNeg   + . .     SustAt   .     (no shield)
rPois  .         Gourm    .     c - +0 helmet
rElec  .         Spirit   .     n - +0 cloak
rCorr  .         Warding  .     (no gloves)
rMut   .         Stasis   .     (no boots)
MR     .....                    f - amulet of inaccuracy (curse)
Stlth  +.........               (no ring)
                                k - ring of positive energy

@: not resistant to hostile enchantments, very unstealthy
A: rot immunity
a: no special abilities


You were on level 1 of the Dungeon.
You were not hungry.

You visited 1 branch of the dungeon, and saw 1 of its levels.

You collected 51 gold pieces.

Inventory:

Hand weapons
 a - a +1 war axe (weapon)
Missiles
 d - 3 throwing nets (quivered)
Armour
 b - a +0 leather armour (worn)
 c - a +0 helmet (worn)
 n - a +0 cloak (worn)
Jewellery
 f - a cursed amulet of inaccuracy (around neck)
 k - a ring of positive energy (left hand)
Scrolls
 g - 3 scrolls of identify
 h - a scroll of magic mapping {unknown}
 i - a scroll of teleportation
 j - a scroll of enchant weapon
Potions
 o - a potion of resistance {unknown}
Comestibles
 e - a bread ration
 l - 3 fruits
 m - a chunk of flesh


   Skills:
 + Level 2.1 Fighting
 + Level 3.1 Axes
 + Level 1.7 Throwing
 + Level 0.3 Armour
 + Level 3.1 Dodging


You had one spell level left.
You didn't know any spells.

Dungeon Overview and Level Annotations

Branches:
Dungeon (1/15)

Altars:


Innate Abilities, Weirdness & Mutations

You are immune to rotting.


Message History

Really walk into that teleport trap?
You enter a teleport trap!
The teleport trap disappears.
Your surroundings suddenly seem different.
Found a ring mail.
Found a leather armour.
You see here a leather armour.
A goblin comes into view.
It is wielding a dagger of electrocution.
The goblin shouts!
You closely miss the goblin. The goblin hits you but does no damage.
You barely miss the goblin.
The goblin hits you with a dagger of electrocution. x2
You are electrocuted!
You closely miss the goblin. The goblin barely misses you.
You miss the goblin. The goblin misses you. The goblin closely misses you.
You barely miss the goblin. The goblin barely misses you.
You closely miss the goblin. The goblin completely misses you.
You miss the goblin. The goblin hits you but does no damage.
The goblin hits you but does no damage.
You are electrocuted!
Ouch! That really hurt!
You die...

.......##.#.<# #...#.#.#.# #...#
.......##.#.## #####.#.#.# #.#.#
.......##.#.# #...#.#.###.#..
.......##.#.### #.###.#........
.......##.#...# #.....#........
.......##.#.#.#######.###........
.......##.#.#.....#...# #.......#
+########.#.###.###.### #.......#
.########.#.#...@.#...# #.......#
.#........#.#.###g#.#.# #........
.#........#.#.# #...#...#........
.#........#.#.###.### #.#.###....
.#........#.#.....# .#.# #....
.+........#.###.### #.# #....
.#........#...#...# ###.# #.###
.#........###.###.# #.#.# #)...
.#........# #...#.# #.#.# #....


You could see a goblin.

Vanquished Creatures
  An ooze (D:1)
  A giant gecko (D:1)
  A giant cockroach (D:1)
  A goblin (D:1)
  A hobgoblin (D:1)
  2 jackals (D:1)
  2 kobolds (D:1)
  A ball python (D:1)
  A bat (D:1)
  A giant newt (D:1)
  4 rats (D:1)
16 creatures vanquished.

Notes
Turn   | Place    | Note
--------------------------------------------------------------
     0 | D:1      | matakusis the Demonspawn Gladiator began the quest for the Orb.
     0 | D:1      | Reached XP level 1. HP: 16/16 MP: 1/1
   110 | D:1      | Gained mutation: You are immune to rotting. [demonic ancestry]
   110 | D:1      | Reached XP level 2. HP: 13/22 MP: 2/2
   124 | D:1      | Reached skill level 3 in Axes
   772 | D:1      | Mangled by a goblin

Vault maps used:
D:1:      elethiomel_arrival_maze

Action                   || total
-------------------------++-------
Melee: War axe           ||    36
  Use: Scroll            ||     3
 Stab: Sleeping          ||     1
